 Dungeon Crawl Stone Soup version 0.29-a0-266-gf56f883ddd (webtiles) character file.

Game seed: 2992466742563789006

8303 drugrobin the Cleaver (level 10, 0/135 HPs)
             Began as a Demigod Fighter on Mar 6, 2022.
             Succumbed to Erica's bolt of poison
             ... on level 10 of the Dungeon.
             The game lasted 00:27:42 (12647 turns).

drugrobin the Cleaver (Demigod Fighter)            Turns: 12647, Time: 00:27:42

Health: 0/135      AC: 14    Str: 29    XL:     10   Next: 81%
Magic:  0/13       EV:  7    Int: 10    God:
Gold:   207        SH:  4    Dex: 13    Spells: 9/9 levels left

rFire   + + .      SeeInvis .   a - +0 war axe
rCold   . . .      Faith    .   m - +0 buckler
rNeg    . . .      Spirit   +   Q - +0 plate armour
rPois   .          Reflect  .   (no helmet)
rElec   .          Harm     .   L - +0 cloak
rCorr   .          Rampage  .   s - +0 pair of gloves
Will    +....                   (no boots)
Stlth   ..........              c - amulet of guardian spirit
HPRegen 0.32/turn               k - ring of protection from fire
MPRegen 0.13/turn               S - ring of protection from fire

@: berserking (expiring), lethally poisoned (0 -> -1), very quick
A: high MP 1, forlorn, divine attributes
a: no special abilities


You were on level 10 of the Dungeon.
You visited 1 branch of the dungeon, and saw 10 of its levels.
You also visited: Ossuary.

You collected 449 gold pieces.
You spent 242 gold pieces at shops.

Inventory:

Hand Weapons
 a - a +0 war axe (weapon)
 b - a +1 mace of venom
 E - a +1 vorpal flail
 F - a +4 trident
 J - a +0 flail of holy wrath
Missiles
 B - 6 poisoned darts
 C - 6 curare-tipped darts
 H - 2 throwing nets
 N - 5 javelins (quivered)
Armour
 m - a +0 buckler (worn)
 s - a +0 pair of gloves (worn)
 L - a +0 cloak (worn)
 Q - a +0 plate armour (worn)
Jewellery
 c - an amulet of guardian spirit (around neck)
 k - a ring of protection from fire (left hand)
 p - a ring of fire
 x - a +4 ring of evasion
 y - a ring of willpower
 I - a +4 ring of protection
 S - a ring of protection from fire (right hand)
Wands
 t - a wand of iceblast (8)
 A - a wand of paralysis (11)
 O - a wand of acid (4)
 P - a wand of digging (6)
Scrolls
 e - 3 scrolls of enchant weapon {unknown}
 f - a scroll of amnesia
 g - a scroll of summoning {unknown}
 i - 3 scrolls of fear {unknown}
 j - a scroll of torment
 l - a scroll of enchant armour {unknown}
 n - 3 scrolls of vulnerability {unknown}
 q - 8 scrolls of teleportation {unknown}
 r - 3 scrolls of noise {unknown}
 w - a scroll of blinking {unknown}
 D - 3 scrolls of immolation {unknown}
Potions
 d - 2 potions of might
 h - 2 potions of lignification
 o - 4 potions of heal wounds
 u - 7 potions of curing
 v - 2 potions of berserk rage
 z - 5 potions of flight
 G - 2 potions of haste
 K - 2 potions of cancellation {unknown}
 M - a potion of resistance {unknown}
 R - a potion of attraction {unknown}


   Skills:
 + Level 8.9 Fighting
 * Level 12.3 Axes
 + Level 4.6 Armour
 - Level 2.6 Shields
 + Level 3.6 Evocations


You had 9 spell levels left.
You didn't know any spells.
Your spell library contained the following spells:

 Spells                   Type           Power      Damage    Failure   Level
 Shock                    Conj/Air       0%         1d3       99%         1
 Corpse Rot               Necr/Air       0%         N/A       100%        2
 Ensorcelled Hibernation  Hex/Ice        0%         N/A       100%        2
 Passwall                 Tmut/Erth      0%         N/A       100%        2
 Stone Arrow              Conj/Erth      0%         3d7       100%        3
 Swiftness                Air            0%         N/A       100%        3
 Airstrike                Air            0%         N/A       100%        4
 Animate Armour           Summ/Erth      0%         N/A       100%        4
 Dispel Undead            Necr           0%         3d6       100%        4
 Death Channel            Necr           0%         N/A       100%        6
 Lehudib's Crystal Spear  Conj/Erth      0%         10d2      100%        8


Dungeon Overview and Level Annotations

Branches:
Dungeon (10/15)            Temple (0/1) D:6            Lair (0/6) D:8
Ossuary (visited)
    Orc: D:9-12

Shops:
D:6 (   D:8 !

Annotations:
D:7 2 transporters


Innate Abilities, Weirdness & Mutations

You have an increased reservoir of magic. (+10% MP)
You shall have no god before yourself.
Your divine heritage dramatically boosts your attributes as you level up.


Message History

You feel a bit more experienced.
You hit something. Something hits you!!
* * * LOW HITPOINT WARNING * * *
Something burns you.
* * * LOW HITPOINT WARNING * * *
Deactivating autopickup; reactivate with Ctrl-A.
Your life force feels restored.
Unknown command.
Unknown command.
Unknown command.
Unknown command.
Unknown command.
Unknown command.
Unknown command.
Unknown command.
Unknown command.
Unknown command.
Unknown command.
Unknown command.
You are too berserk!
Unknown command.
Unknown command.
You closely miss something.
* * * LOW HITPOINT WARNING * * *
You feel sick. You block something's attack.
Unknown command.
Unknown command.
You slash something!
Reactivating autopickup.
You feel a bit more experienced.
Unknown command.
Unknown command.
You are too berserk!
Unknown command.
Unknown command.
Unknown command.
Unknown command.
Unknown command.
You are too berserk!
You are too berserk!
You die...

#..######################
########........................
..........................{......
.......(....................!....
.................................
.................................
.................................
..............<).................
...............)@.(..............
.................................
.................................
..........######################
#######...# #...# #...#
#######...##### ...............


There were no monsters in sight!

Vanquished Creatures
  Erica (D:10)
  Psyche (D:10)
  A komodo dragon (D:10)
  A troll (D:8)
  Sigmund (D:3)
  2 wyverns
  10 yaks
  A vampire (D:8)
  Eustachio (D:6)
  2 steam dragons
  Edmund (D:6)
  3 water moccasins
  2 orc warriors
  4 ice beasts
  3 sky beasts
  3 ogres
  A black bear (D:4)
  3 centaurs
  A kobold brigand (D:9)
  4 necrophages
  An elf zombie (Ossuary)
  A bullfrog (D:8)
  A gnoll sergeant (D:6)
  3 scorpions
  7 wights
  20 killer bees
  A howler monkey (D:9)
  2 centaur zombies (Ossuary)
  3 hounds
  3 orc priests
  2 jellies
  A gnoll shaman (D:8)
  Natasha (thrice) (D:4)
  3 iguanas
  2 orc wizards (D:8)
  2 mummies (Ossuary)
  16 gnolls
  4 adders
  A shadow imp (D:8)
  A white imp (D:5)
  An ufetubus (D:5)
  An adder zombie (Ossuary)
  3 worms
  3 dart slugs
  21 orcs
  7 endoplasms
  4 giant cockroaches
  9 goblins
  5 hobgoblins
  2 jackals (D:3)
  4 quokkas
  11 ball pythons
  4 bats
  3 frilled lizards
  A goblin zombie (Ossuary)
  7 hobgoblin zombies (Ossuary)
  3 jackal zombies (Ossuary)
  13 kobolds
  14 kobold zombies (Ossuary)
  6 orc zombies (Ossuary)
  A quokka zombie (D:8)
  4 rats
  3 rat zombies
253 creatures vanquished.

Notes
Turn   | Place    | Note
-------+----------+-------------------------------------------
     0 | D:1      | drugrobin the Demigod Fighter began the quest for the Orb.
     0 | D:1      | Reached XP level 1. HP: 18/18 MP: 3/3
    27 | D:1      | Reached skill level 2 in Axes
   107 | D:1      | Reached XP level 2. HP: 25/25 MP: 4/4
   362 | D:1      | Reached skill level 3 in Axes
   844 | D:2      | Reached XP level 3. HP: 28/30 MP: 5/5
  1702 | D:2      | Reached XP level 4. HP: 31/38 MP: 6/6
  1766 | D:2      | Reached skill level 4 in Axes
  1902 | D:3      | Noticed Sigmund
  2812 | D:4      | Noticed a necrophage
  2843 | D:4      | Killed a necrophage
  2844 | D:4      | Reached XP level 5. HP: 38/45 MP: 7/7
  2909 | D:4      | Noticed a black bear
  2932 | D:4      | Killed a black bear
  2933 | D:4      | Reached skill level 5 in Axes
  3082 | D:4      | Noticed a sky beast
  3202 | D:4      | Noticed Natasha
  3209 | D:4      | Killed Natasha
  3210 | D:4      | Reached XP level 6. HP: 52/52 MP: 8/8
  3377 | D:4      | Noticed Natasha
  3389 | D:4      | Killed Natasha
  3439 | D:4      | Noticed Natasha
  3449 | D:4      | Killed Natasha
  3675 | D:5      | Entered Level 5 of the Dungeon
  3686 | D:5      | Reached skill level 6 in Axes
  4072 | D:3      | Killed Sigmund
  4073 | D:3      | Reached XP level 7. HP: 40/60 MP: 9/9
  4703 | D:5      | Reached skill level 5 in Fighting
  4703 | D:5      | Reached skill level 7 in Axes
  4741 | D:5      | Noticed a yak
  4741 | D:5      | Noticed a yak
  4755 | D:5      | Noticed a yak
  4756 | D:5      | Noticed a yak
  4775 | D:5      | Killed a yak
  5270 | D:5      | Reached XP level 8. HP: 36/69 MP: 10/10
  5536 | D:5      | Reached skill level 8 in Axes
  6345 | D:6      | Reached skill level 9 in Axes
  6521 | D:6      | Noticed Edmund
  6541 | D:6      | Killed Edmund
  6579 | D:6      | Found a staircase to the Ecumenical Temple.
  6584 | D:6      | Found Tadwygri's Antique Weapon Shoppe.
  6768 | D:6      | Noticed Eustachio
  6788 | D:6      | Killed Eustachio
  6789 | D:6      | Reached XP level 9. HP: 78/78 MP: 11/11
  7146 | D:6      | Reached skill level 10 in Axes
  7907 | D:7      | Found a transporter.
  8162 | D:7      | Reached skill level 11 in Axes
  8682 | D:7      | Found a transporter.
  8682 | D:7      | Noticed a gargoyle
  8683 | D:7      | Noticed a six-headed hydra
  8684 | D:7      | Noticed a kobold demonologist
  8685 | D:7      | Noticed an efreet
  8928 | D:8      | Reached skill level 1 in Evocations
  9025 | D:8      | Reached XP level 10. HP: 88/88 MP: 13/13
  9172 | D:8      | Found a sand-covered staircase.
  9187 | Ossuary  | Entered an ossuary
  9747 | D:8      | Found a staircase to the Lair.
  9806 | D:8      | Found Xypuoj's Distillery.
  9812 | D:8      | Bought a potion of haste for 110 gold pieces
  9812 | D:8      | Bought a potion of brilliance for 44 gold pieces
  9812 | D:8      | Bought a potion of mutation for 88 gold pieces
 10762 | D:9      | Reached skill level 12 in Axes
 11897 | D:10     | Entered Level 10 of the Dungeon
 12304 | D:10     | Noticed Psyche
 12596 | D:10     | Noticed Erica
 12644 | D:10     | Killed Psyche
 12644 | D:10     | HP: 3/132 [something (24)]
 12644 | D:10     | HP: 1/132 [something (2)]
 12646 | D:10     | Killed Erica
 12647 | D:10     | Succumbed to Erica's bolt of poison

Illustrated notes

Levels and vault maps discovered:
D:1:      wander_arrival_peaceful_grave, layout_rooms,
          chequers_decorated_corner, st_stairs_9
D:2:      cheibrodos_helix_gallery, layout_basic, nicolae_ecumenical_pavilion
D:3:      layout_rooms, uniq_sigmund
D:4:      layout_cave_pools, uniq_natasha
D:5:      layout_loops_ring, nemelex_dance_club_becter, cheibriados_altar_1
D:6:      nicolae_BIG_FREAKIN_CUBE, layout_loops_cross,
          mainiacjoe_overflow_alcove_1, minmay_temple_entry_statues,
          serial_shops, shop, uniq_edmund, uniq_eustachio
D:7:      layout_rooms, gammafunk_temple_overflow_arena
D:8:      layout_basic, lair_entry_dummy, enter_ossuary_4, serial_shops,
          nicolae_shop_crystal
D:9:      layout_stronghold, minivault_16
D:10:     minmay_goldmine, layout_long_grid, wad_mini_maze, uniq_erica,
          uniq_psyche

Skill      XL: |  1  2  3  4  5  6  7  8  9 10 |
---------------+-------------------------------+-----
Axes           | 2 3 4 5 6 7 9 11 12 | 12.3
Fighting       | 3 4 5 6 8 |  8.9
Evocations     | 1 3 |  3.6
Armour         | 3 4 |  4.6
Shields        | |  2.6

Action                   |  1- 3 |  4- 6 |  7- 9 | 10-12 || total
-------------------------+-------+-------+-------+-------++-------
Melee: War axe           |    91 |    89 |    85 |    74 ||   339
       Dagger            |    19 |       |       |       ||    19
       Mace              |       |    49 |   209 |    93 ||   351
       Trident           |       |       |    15 |       ||    15
       Flail             |       |       |    11 |    76 ||    87
 Fire: Hunting sling     |    13 |       |       |       ||    13
Throw: Dart              |       |     1 |     9 |       ||    10
       Javelin           |       |       |       |     2 ||     2
Evoke: Wand              |       |       |     1 |     1 ||     2
  Use: Scroll            |       |     6 |     2 |       ||     8
       Potion            |       |       |       |     1 ||     1
 Stab: Paralysed         |       |       |     2 |       ||     2
Armor: Scale mail        |    44 |    20 |       |       ||    64
       Chain mail        |       |    66 |   107 |    82 ||   255
       Plate armour      |       |       |       |    27 ||    27
Dodge: Dodged            |    50 |    63 |   154 |   139 ||   406
Block: Buckler           |    27 |    28 |    70 |    45 ||   170

Table legend: (Time is in decaauts)
 A = Elapsed time spent in this place.
 B = Non-inter-level travel time spent in this place.
 C = Inter-level travel time spent in this place.
 D = Time resting spent in this place.
 E = Time spent auto-exploring this place.
 F = Levels seen in this place.
 G = Mean time per level.
                   A        B        C        D        E       F      G
               +--------+--------+--------+--------+--------+-----+--------+
         Total |  12764 |  11840 |    924 |   2622 |   6252 |  11 | 1160.4 |
       Dungeon |  12519 |  11595 |    924 |   2622 |   6166 |  10 | 1251.9 |
       Ossuary |    245 |    245 |      0 |      0 |     86 |   1 |  245.0 |
               +--------+--------+--------+--------+--------+-----+--------+

Top non-repeatable levels by time:
     D:9: 1659 daAuts
     D:6: 1657 daAuts
     D:3: 1546 daAuts
     D:8: 1514 daAuts
     D:5: 1504 daAuts
     D:4: 1347 daAuts
     D:2: 1281 daAuts
     D:7: 855 daAuts
     D:1: 775 daAuts
    D:10: 376 daAuts
 Ossuary: 245 daAuts
